 Dungeon Crawl Stone Soup version 0.31-a0-744-gbc345e7fcb (webtiles) character file.

Game seed: 16801814550442240912

217 IdlyInterested the Covered (level 5, -2/41 HPs)
             Began as a Demonspawn Fighter on Sept 13, 2023.
             Splashed by a jelly's acid (4 damage)
             ... on level 4 of the Dungeon.
             The game lasted 00:08:24 (2934 turns).

IdlyInterested the Covered (Demonspawn Fighter)     Turns: 2934, Time: 00:08:25

Health: -2/41      AC:  0    Str: 16    XL:     5   Next: 61%
Magic:  5/5        EV: 10    Int:  9    God:
Gold:   206        SH:  5    Dex: 15    Spells: 4/4 levels left

rFire   . .          .
                       - Unarmed
rCold   . . .        c - +0 buckler
rNeg    . . .        b - +0 scale mail
rPois   .            o - +0 helmet
rElec   .            j - +0 cloak
rCorr   .            (no gloves)
SInv    .            (no boots)
Will    +....        h - amulet of regeneration Stlth
                     n - ring of willpower
HPRegen 1.06/turn    (no ring)
MPRegen 0.09/turn

%: no passive effects
@: corroded
A: claws 1, sharp scales 2
a: no special abilities


You were on level 4 of the Dungeon.
You visited 1 branch of the dungeon, and saw 4 of its levels.

You collected 206 gold pieces.

Inventory:

Hand Weapons
 a - a +0 rapier
Missiles
 g - 46 stones (quivered)
 q - 3 poisoned darts
Armour
 b - a +0 scale mail (worn)
 c - a +0 buckler (worn)
 j - a +0 cloak (worn)
 o - a +0 helmet (worn)
Jewellery
 e - an amulet of faith
 h - an amulet of regeneration (around neck)
 n - a ring of willpower (left claw)
Talismans
 m - a beast talisman
Scrolls
 i - 2 scrolls of fog {unknown}
 k - a scroll of revelation {unknown}
 t - a scroll of vulnerability {unknown}
 u - a scroll of teleportation
 v - a scroll of enchant weapon
 x - a scroll of immolation {unknown}
Potions
 d - 2 potions of might
 f - a potion of curing
 l - 2 potions of enlightenment {unknown}
 p - 2 potions of resistance
 r - 2 potions of cancellation
 s - 3 potions of heal wounds
 w - a potion of degeneration {unknown}


   Skills:
 - Level 3.0 Fighting
 - Level 1.7 Short Blades
 - Level 1.0 Throwing
 + Level 3.3 Armour
 - Level 3.0 Dodging
 - Level 1.0 Stealth
 - Level 3.0 Shields
 * Level 1.9 Unarmed Combat
 - Level 1.0 Shapeshifting


You had 4 spell levels left.
You didn't know any spells.
Your spell library was empty.

Dungeon Overview and Level Annotations

Branches:
Dungeon (4/15)
 Temple: D:4-7

Altars:
Vehumet

Shops:
D:1 (


Innate Abilities, Weirdness & Mutations

You have sharp fingernails.
You are mostly covered in razor-sharp scales. (AC +2, Slay +2)


Message History

You see here a scroll labelled LAOLOE GEKU.
x - a scroll labelled LAOLOE GEKU An endoplasm comes into view.
The goblin shoots a sling bullet.
The sling bullet barely misses you.
The goblin shoots a sling bullet.
The sling bullet misses you.
The endoplasm quivers.
You scratch the jelly but do no damage. The acid corrodes you!
Your claws burn!
The jelly hits you but does no damage.
You scratch the jelly.
Your claws burn!
The jelly is lightly wounded.
You block the jelly's attack.
You scratch the jelly.
Your claws burn!
The jelly is moderately wounded.
The endoplasm hits you but does no damage.
The jelly hits you but does no damage.
You scratch the jelly but do no damage. The acid corrodes you!
Your claws burn!
The jelly is moderately wounded.
The endoplasm freezes you.
You are frozen.
The jelly barely misses you. The endoplasm freezes you.
You are frozen.
You scratch the jelly.
Your claws burn!
The jelly is heavily wounded.
The jelly hits you. The acid corrodes you!
You are splashed with acid!
The goblin shoots a sling bullet.
You block the sling bullet. The endoplasm freezes you.
You are frozen.
* * * LOW HITPOINT WARNING * * *
You scratch the jelly.
Your claws burn!
* * * LOW HITPOINT WARNING * * *
The jelly is heavily wounded.
The jelly hits you.
* * * LOW HITPOINT WARNING * * *
You are splashed with acid.
* * * LOW HITPOINT WARNING * * *
The goblin shoots a sling bullet.
The sling bullet hits you.
* * * LOW HITPOINT WARNING * * *
The endoplasm barely misses you.
You scratch the jelly but do no damage.
Your claws burn!
You die...

.................##
.###.......<.........)
......$............##
.###..#...............#.
......................#.
#.>..................#.
...................#.
#.#J.....†.........#.
.###..J@..#.##....†<†.#.
...>.####g..##.....)†.#.
...g..................##
...######.#..#........##
#.##...........#
#(##.##.........
..##.##........) #..
............ ...
###...#####


You could see a jelly, an endoplasm and a goblin.

Vanquished Creatures
  2 iguanas
  Robin (D:3)
  7 adders
  4 worms
  2 dart slugs
  An orc (D:2)
  7 endoplasms
  4 giant cockroaches
  12 goblins (D:3)
  7 hobgoblins
  3 jackals (D:3)
  4 quokkas
  6 ball pythons
  5 bats
  4 kobolds
  7 rats
76 creatures vanquished.

Notes
Turn   | Place    | Note
-------+----------+-------------------------------------------
     0 | D:1      | IdlyInterested the Demonspawn Fighter began the quest for
                  | the Orb.
     0 | D:1      | Reached XP level 1. HP: 18/18 MP: 1/1
   355 | D:1      | Gained mutation: You are partially covered in razor-sharp
                  | scales. (AC +1, Slay +1) [demonic ancestry]
   355 | D:1      | Reached XP level 2. HP: 24/24 MP: 2/2
   410 | D:1      | Reached skill level 1 in Stealth
   483 | D:1      | Found Nazib's Antique Weapon Boutique.
   572 | D:1      | Reached skill level 1 in Dodging
   677 | D:1      | You fall into a shaft and drop 1 floor!
   739 | D:2      | Reached XP level 3. HP: 24/29 MP: 3/3
  1014 | D:2      | Reached skill level 1 in Throwing
  1052 | D:2      | Gained mutation: You have sharp fingernails. [demonic
                  | ancestry]
  1052 | D:2      | Reached XP level 4. HP: 35/35 MP: 4/4
  2069 | D:3      | Reached skill level 1 in Shapeshifting
  2103 | D:3      | Found a faded altar of an unknown god.
  2266 | D:3      | Noticed Robin
  2293 | D:3      | Gained mutation: You are mostly covered in razor-sharp
                  | scales. (AC +2, Slay +2) [demonic ancestry]
  2293 | D:3      | Reached XP level 5. HP: 31/41 MP: 5/5
  2313 | D:3      | Killed Robin
  2422 | D:3      | Reached skill level 1 in Unarmed Combat
  2843 | D:4      | Found a radiant altar of Vehumet.
  2933 | D:4      | HP: 2/41 [goblin/sling bullet (1)]
  2934 | D:4      | Splashed by a jelly's acid

Illustrated notes

Levels and vault maps discovered:
D:1:      dpeg_arrival_chambers_temple_mockup, layout_basic, serial_shops, shop
D:2:      layout_loops_ring, minmay_heptomino_d4
D:3:      layout_basic, nicolae_ecumenical_lake_church, uniq_robin
D:4:      layout_rooms, mainiacjoe_overflow_alcove_4,
          nicolae_overflow_macrodata_refinement, hangedman_glass_teeth

Skill      XL: |  1  2  3  4  5 |
---------------+----------------+-----
Armour         | 3 |  3.3
Stealth        | 1 |  1.0
Dodging        | 1 2 3 |  3.0
Throwing       | 1 |  1.0
Shields        | 3 |  3.0
Shapeshifting  | 1 |  1.0
Unarmed Combat | 1 |  1.9
Fighting       | |  3.0
Short Blades   | |  1.7

Action                     |  1- 3 |  4- 6 || total
---------------------------+-------+-------++-------
  Melee: Rapier            |   104 |   146 ||   250
         Unarmed           |       |    54 ||    54
  Throw: Stone             |     6 |     7 ||    13
    Use: Potion            |       |     4 ||     4
         Scroll            |       |     2 ||     2
 Armour: Scale mail        |    66 |   150 ||   216
  Dodge: Dodged            |    42 |    97 ||   139
  Block: Buckler           |    18 |    46 ||    64

Table legend: (Time is in decaauts)
 A = Elapsed time spent in this place.
 B = Non-inter-level travel time spent in this place.
 C = Inter-level travel time spent in this place.
 D = Time resting spent in this place.
 E = Time spent auto-exploring this place.
 F = Levels seen in this place.
 G = Mean time per level.
                   A        B        C        D        E       F      G
               +--------+--------+--------+--------+--------+-----+--------+
         Total |   2977 |   2618 |    359 |     11 |   1754 |   4 |  744.2 |
       Dungeon |   2977 |   2618 |    359 |     11 |   1754 |   4 |  744.2 |
               +--------+--------+--------+--------+--------+-----+--------+

Top non-repeatable levels by time:
     D:2: 1021 daAuts
     D:1: 967 daAuts
     D:3: 897 daAuts
     D:4: 91 daAuts
